 Dungeon Sprint DCSS version bcrawl-1.31 (webtiles) character file.

Game seed: 17689315541419945550

13200000 Groucho the Intangible (level 27, -52/174 HPs)
             Began as a Spriggan Abyssal Knight on Apr 9, 2021.
             Was the Champion of Makhleb.
             Annihilated by a destroyer
             ... wielding a +9 great sword of slicing
              (213 damage)
             ... in the Dungeon (Sprint VIII: "Arena of Blood").
             The game lasted 00:04:43 (132 turns).

Groucho the Intangible (Spriggan Abyssal Knight)     Turns: 132, Time: 00:04:43

Health: -52/174    AC:  4    Str:  8    XL:     27
Magic:  46/55      EV: 46    Int: 16    God:    Makhleb [******]
Gold:   0          SH:  0    Dex: 26    Spells: 80/80 levels left

rFire    . . .     SeeInvis +   a - +1 hand axe
rCold    . . .     Gourm    .   (shield restricted)
rNeg     . . .     Faith    .   b - +0 robe
rPois    .         Spirit   .   (helmet restricted)
rElec    .         Reflect  .   (no cloak)
rCorr    .         Harm     .   (gloves unavailable)
MR       ++++.     NoTele   +   (boots unavailable)
Stlth    ++++++++++             (no amulet)
HPRegen  0.39/turn              t - +400 ring of slaying
MPRegen  0.34/turn              (no ring)

@: very quick
A: very small, unfitting armour, see invisible, herbivore, speed 3, slow
metabolism 2
a: Minor Destruction, Lesser Servant of Makhleb, Major Destruction, Greater
Servant of Makhleb, Renounce Religion


You were in the Dungeon.
You worshipped Makhleb.
Makhleb was exalted by your worship.
You were not hungry.

You visited 1 branch

Inventory:

Hand Weapons
 a - a +1 hand axe (weapon)
 l - the +∞ Axe of Woe
   (You found it in the Dungeon)
Missiles
 c - 10 tomahawks of dispersal {=f}
 d - 40 stones (quivered)
Armour
 b - a +0 robe (worn)
Jewellery
 m - a +200 ring of slaying
 n - a +250 ring of slaying
 o - a +250 ring of slaying
 p - a +200 ring of slaying
 q - a +100 ring of slaying
 r - a +200 ring of slaying
 s - a +200 ring of slaying
 t - a +400 ring of slaying (left hand)
 u - a +200 ring of slaying
Scrolls
 k - a scroll of blinking
Potions
 f - a potion of curing
 g - a potion of heal wounds
 h - a potion of haste
 i - 2 potions of magic
 j - a potion of berserk rage
Comestibles
 e - a ration {!d}


   Skills:
 O Level 27 Fighting
 O Level 27 Axes
 O Level 27 Throwing
 O Level 27 Armour
 O Level 27 Dodging
 O Level 27 Stealth
 O Level 27 Unarmed Combat
 O Level 27 Spellcasting
 O Level 27 Invocations


You had 80 spell levels left.
You didn't know any spells.
Your spell library was empty.

Dungeon Overview and Level Annotations

Branches:
Dungeon (1/1)

Altars:
Makhleb


Innate Abilities, Weirdness & Mutations

You are very small and have problems with some larger weapons.
You are too small for most types of armour.
You have supernaturally acute eyesight. (SInv)
You are a herbivore.
You cover ground extremely quickly.
You need to consume almost no food.


Message History

You hear a shout!
The tyrant is engulfed in blazing flames.
An observer comes into view.
A bag of meat comes into view. It is wielding a +9 war axe.
You hear a shout! x5
No path to travel!
No path to travel!
You carve the bag of meat like a ham!!!!!!
You kill the bag of meat!
Makhleb accepts your kill.
You feel better.
You cut the destroyer into ribbons!!!!!
You open the fleshlord like a pillowcase!!!!!
You slice the tyrant like a ripe choko!!!!! notify_dgn_event: Lua error: [string "global_prelude"]:208: Unknown spell name: 'hurl damnation' in 'symbol_of_torment.34.natural;hurl_damnation.33.natural;call_down_damnation.33. natural' You are engulfed in blazing flames.
You hear a shout! x3
The destroyer is engulfed in blazing flames.
The destroyer hits you with a +9 great sword of slicing!!!!!
Ouch! That really hurt!
You die...

... ..... #.. ..o#
. #.. ...# .
W.###.. ...###..
......###......
....%%)_)p.....
#))o).# #_○V☼_#
#p@☼○)#
G.pLW..☼L☼........
GXX%Oo.###%%.%....
.O###%. ...###...
. #.. ...# .. #%.
...p# ... .....
..........O


You could see 2 tyrants, a destroyer, 2 observers, 3 fleshlords, a large bag of
meat (inner flame), 2 large abominations, a wretched soul (invisible), a meat
berserker (berserk) and 3 bags of meat.

Vanquished Creatures
  8 hell knights (D)
  2 hell beasts (D)
  2 greater mummies (D)
  5 great orbs of eyes (D)
  19 vampire knights (D)
  32 ogres (D)
  6 two-headed ogres (D)
  7 liches (D)
  2 hydras (D)
  43 orcs (D)
  3 phantoms (D)
  6 skeletal warriors (D)
  5 large abominations (D)
  A wretched star (D)
  8 small abominations (D)
  7 crawling corpses (D)
156 creatures vanquished.

Notes
Turn   | Place    | Note
-------+----------+-------------------------------------------
     0 | D        | Found the +∞ Axe of Woe
     0 | D        | Groucho the Spriggan Abyssal Knight began the quest for the
                  | Orb.
     0 | D        | Reached XP level 1. HP: 11/11 MP: 3/3
     4 | D        | Fell from the grace of Lugonu
     4 | D        | Became a worshipper of Makhleb the Destroyer
     4 | D        | Noticed a bag of meat
    11 | D        | Killed a bag of meat
    12 | D        | Reached XP level 2. HP: 16/16 MP: 4/4
    12 | D        | Reached XP level 3. HP: 19/19 MP: 5/5
    12 | D        | Reached XP level 4. HP: 23/23 MP: 6/6
    12 | D        | Reached XP level 5. HP: 27/27 MP: 7/7
    12 | D        | Reached XP level 6. HP: 32/32 MP: 8/8
    12 | D        | Reached XP level 7. HP: 35/35 MP: 9/9
    12 | D        | Reached XP level 8. HP: 39/39 MP: 10/10
    12 | D        | Reached XP level 9. HP: 43/43 MP: 11/11
    12 | D        | Reached XP level 10. HP: 47/47 MP: 12/12
    12 | D        | Reached XP level 11. HP: 51/51 MP: 13/13
    12 | D        | Noticed a meat berserker
    12 | D        | Noticed a meat berserker
    13 | D        | Noticed a bag of meat
    15 | D        | Killed a meat berserker
    15 | D        | Reached * piety under Makhleb
    16 | D        | Reached skill level 27 in Dodging
    16 | D        | Reached XP level 12. HP: 56/56 MP: 14/14
    16 | D        | Reached XP level 13. HP: 59/59 MP: 15/15
    16 | D        | Noticed a bag of meat
    17 | D        | Killed a bag of meat
    18 | D        | Reached skill level 5 in Armour
    18 | D        | Reached XP level 14. HP: 72/72 MP: 16/16
    18 | D        | Noticed a bag of meat
    18 | D        | Noticed a bag of meat
    18 | D        | Noticed a meat berserker
    19 | D        | Noticed a meat berserker
    19 | D        | Killed a meat berserker
    20 | D        | Reached skill level 10 in Armour
    20 | D        | Reached XP level 15. HP: 83/83 MP: 17/17
    20 | D        | Noticed a meat berserker
    20 | D        | Noticed a meat berserker
    20 | D        | Noticed a meat berserker
    21 | D        | Noticed a meat berserker
    22 | D        | Killed a meat berserker
    22 | D        | Reached ** piety under Makhleb
    23 | D        | Reached skill level 15 in Fighting
    23 | D        | Reached skill level 27 in Axes
    25 | D        | Noticed a meat berserker
    26 | D        | Killed a meat berserker
    26 | D        | Noticed a destroyer
    27 | D        | Reached XP level 16. HP: 101/101 MP: 18/18
    27 | D        | Killed a meat berserker
    27 | D        | Reached *** piety under Makhleb
    27 | D        | Noticed a meat berserker
    28 | D        | Reached skill level 15 in Unarmed Combat
    28 | D        | Reached XP level 17. HP: 109/109 MP: 19/19
    28 | D        | Noticed a destroyer
    28 | D        | Killed a meat berserker
    28 | D        | Killed a meat berserker
    28 | D        | Noticed a meat berserker
    29 | D        | Reached XP level 18. HP: 121/121 MP: 20/20
    29 | D        | Killed a meat berserker
    29 | D        | Reached **** piety under Makhleb
    30 | D        | Noticed a large bag of meat
    31 | D        | Reached XP level 19. HP: 128/128 MP: 21/21
    31 | D        | Noticed a large bag of meat
    32 | D        | Killed a meat berserker
    32 | D        | Killed a destroyer
    33 | D        | Reached skill level 27 in Fighting
    33 | D        | Noticed a destroyer
    34 | D        | Reached ***** piety under Makhleb
    34 | D        | Killed a meat berserker
    34 | D        | Noticed a large bag of meat
    35 | D        | Reached skill level 27 in Armour
    35 | D        | Reached skill level 27 in Unarmed Combat
    35 | D        | Reached XP level 20. HP: 137/137 MP: 21/39
    35 | D        | Killed a meat berserker
    35 | D        | Noticed a meat berserker
    35 | D        | Noticed a meat berserker
    36 | D        | Noticed an eight-headed meat hydra
    37 | D        | Killed a destroyer
    37 | D        | Noticed a destroyer
    38 | D        | Reached XP level 21. HP: 142/142 MP: 21/50
    39 | D        | Noticed a destroyer
    40 | D        | Killed a large bag of meat
    41 | D        | Noticed a destroyer
    42 | D        | Killed a destroyer
    42 | D        | Reached ****** piety under Makhleb
    43 | D        | Reached skill level 27 in Throwing
    43 | D        | Reached skill level 27 in Spellcasting
    43 | D        | Reached skill level 27 in Invocations
    43 | D        | Reached XP level 22. HP: 148/148 MP: 22/54
    43 | D        | Killed a large bag of meat
    43 | D        | Killed a destroyer
    43 | D        | Noticed a destroyer
    44 | D        | Reached skill level 27 in Stealth
    44 | D        | Reached XP level 23. HP: 141/153 MP: 22/55
    44 | D        | Killed a destroyer
    45 | D        | Killed a large bag of meat
    46 | D        | Noticed a large bag of meat
    47 | D        | Noticed a tyrant
    48 | D        | Reached XP level 24. HP: 145/158 MP: 23/55
    48 | D        | Killed a destroyer
    49 | D        | Killed a tyrant
    52 | D        | Reached XP level 25. HP: 152/163 MP: 24/55
    52 | D        | Noticed a tyrant
    52 | D        | Noticed an accursed
    52 | D        | Noticed a tyrant
    53 | D        | Killed a large bag of meat
    55 | D        | Noticed a destroyer
    56 | D        | Noticed a destroyer
    59 | D        | Killed a destroyer
    60 | D        | Reached XP level 26. HP: 66/169 MP: 27/55
    61 | D        | Killed a tyrant
    63 | D        | Killed an accursed
    64 | D        | Reached XP level 27. HP: 130/174 MP: 28/55
    64 | D        | Noticed a destroyer
    68 | D        | Noticed a tyrant
    69 | D        | Killed a destroyer
    69 | D        | Killed a destroyer
    70 | D        | Noticed a destroyer
    72 | D        | Killed a tyrant
    73 | D        | Noticed a large bag of meat
    74 | D        | Noticed a meat beast
    76 | D        | Noticed a destroyer
    78 | D        | Killed a destroyer
    78 | D        | Killed a meat beast
    78 | D        | Killed a tyrant
    80 | D        | Killed a destroyer
    83 | D        | Noticed a destroyer
    85 | D        | Noticed a tyrant
    86 | D        | Noticed an accursed
    88 | D        | Killed a destroyer
    88 | D        | Killed a destroyer
    89 | D        | Killed a large bag of meat
    90 | D        | Noticed a tyrant
    90 | D        | Noticed a destroyer
    91 | D        | Killed a tyrant
    92 | D        | Noticed a meat beast
    97 | D        | Killed a meat beast
    99 | D        | Noticed a destroyer
   100 | D        | Killed a tyrant
   102 | D        | Noticed an accursed
   104 | D        | Killed a destroyer
   105 | D        | Noticed a destroyer
   106 | D        | Noticed a destroyer
   106 | D        | Noticed a large bag of meat
   107 | D        | Noticed a fleshlord
   108 | D        | Noticed a fleshlord
   108 | D        | Noticed a destroyer
   110 | D        | Killed a destroyer
   110 | D        | Noticed a fleshlord
   111 | D        | Killed a fleshlord
   111 | D        | Noticed a fleshlord
   112 | D        | Killed a destroyer
   112 | D        | Noticed a destroyer
   112 | D        | Noticed a fleshlord
   112 | D        | Noticed a fleshlord
   113 | D        | Noticed a fleshlord
   113 | D        | Noticed a fleshlord
   114 | D        | Noticed a destroyer
   114 | D        | Killed a destroyer
   114 | D        | Killed a fleshlord
   115 | D        | Killed an accursed
   115 | D        | Noticed a tyrant
   115 | D        | Noticed a tyrant
   115 | D        | Noticed a fleshlord
   116 | D        | Noticed a large bag of meat
   117 | D        | Killed a fleshlord
   118 | D        | Killed a fleshlord
   118 | D        | Killed a large bag of meat
   119 | D        | Killed a fleshlord
   119 | D        | Killed a destroyer
   120 | D        | Killed a fleshlord
   120 | D        | Killed a destroyer
   122 | D        | Noticed a tyrant
   124 | D        | Noticed a fleshlord
   126 | D        | Killed a fleshlord
   127 | D        | Noticed a fleshlord
   128 | D        | Killed a fleshlord
   128 | D        | Killed a tyrant
   129 | D        | Noticed a destroyer
   130 | D        | Noticed a meat beast
   132 | D        | Annihilated by a destroyer

Skill      XL: |  1  2  3  4  5  6  7  8  9 10 11 12 13 14 15 16 17 18 19 20 21 22 |
---------------+-------------------------------------------------------------------+-----
Axes           | 16 23 24 26 27 | 27.0
Dodging        | 25 27 | 27.0
Fighting       | 7 11 18 20 23 25 27 | 27.0
Armour         | 5 10 17 19 21 23 27 | 27.0
Unarmed Combat | 12 15 19 22 27 | 27.0
Throwing       | 12 21 27 | 27.0
Spellcasting   | 14 24 27 | 27.0
Invocations    | 12 21 27 | 27.0
Stealth        | 16 27 | 27.0

Action                   |  1- 3 |  4- 6 |  7- 9 | 10-12 | 13-15 | 16-18 | 19-21 | 22-24 | 25-27 || total
-------------------------+-------+-------+-------+-------+-------+-------+-------+-------+-------++-------
Melee: Broad axe         |     1 |       |       |     1 |     4 |     4 |     7 |     9 |    60 ||    86
       Hand axe          |       |       |       |       |       |       |       |       |     3 ||     3
Dodge: Dodged            |       |       |       |       |       |       |       |     1 |     7 ||     8
